 Dungeon Crawl Stone Soup version 0.26-a0-642-g67e99244d3 (webtiles) character file.

Game seed: 6814790889302655585

42345 DogServant the Basher (level 14, 0/141 HPs)
             Began as a Gargoyle Fighter on Sept 23, 2020.
             Was the Champion of Makhleb.
             Killed from afar by an ice statue (13 damage)
             ... with a freezing blast
             ... in an ice cave.
             The game lasted 01:07:16 (20184 turns).

DogServant the Basher (Gargoyle Fighter)           Turns: 20184, Time: 01:07:16

Health: 0/141      AC: 27    Str: 30    XL:     14   Next: 19%
Magic:  30/30      EV:  2    Int:  9    God:    Makhleb [******]
Gold:   1540       SH: 13    Dex: 12    Spells: 10/13 levels left

rFire    + + .     SeeInvis +   L - +2 flail "Giantslayer" {flame, rF+ MR+ MP+9 SInv}
rCold    + . .     Faith    .   c - +0 kite shield
rNeg     + + +     Spirit   .   (armour currently unavailable)
rPois    ∞         Reflect  .   (helmet currently unavailable)
rElec    +         Harm     .   (cloak currently unavailable)
rCorr    +         Rampage  .   (gloves currently unavailable)
MR       +++..     Rnd*Rage +   (boots currently unavailable) Stlth +.........NoTele +
                                z - amulet of the acrobat
HPRegen  0.33/turn              S - +6 ring of strength
MPRegen  0.22/turn              D - ring of protection from magic

@: tree-form, resistant
A: agile 1, berserk 1, negative energy resistance 1, robust 1, petrification
resistance, rot immunity, MP-powered wands, AC +10
a: Minor Destruction, Lesser Servant of Makhleb, Major Destruction, Greater
Servant of Makhleb, Renounce Religion


You were in an ice cave.
You worshipped Makhleb.
Makhleb was exalted by your worship.
You were a tree.
You visited 4 branches of the dungeon, and saw 19 of its levels.
You also visited: Sewer, Ossuary and Ice Cave.

You collected 1855 gold pieces.
You spent 315 gold pieces at shops.

Inventory:

Hand Weapons
 B - a +1 flail of holy wrath
 G - a +0 flail of protection
 L - the +2 flail "Giantslayer" (weapon) {flame, rF+ MR+ MP+9 SInv}
   (You found it on level 1 of the Lair of Beasts)

   It has been specially enchanted to burn those struck by it, causing extra
   injury to most foes and up to half again as much damage against particularly
   susceptible opponents.
   It protects you from fire.
   It affects your resistance to hostile enchantments.
   It affects your magic capacity (+9).
   It lets you see invisible.
Missiles
 o - 2 curare-tipped darts (quivered)
 r - 45 poisoned darts
Armour
 c - a +0 kite shield (worn)
 s - a +0 pair of gloves (melded)
 A - a +2 hat (melded)
 C - a +2 pair of boots (melded)
 N - a +0 plate armour (melded)
Jewellery
 k - a +4 ring of protection
 z - an amulet of the acrobat (around neck)
 D - a ring of protection from magic (right branch)
 S - a +6 ring of strength (left branch)
Wands
 g - a wand of acid (3)
 y - a wand of flame (17)
 F - a wand of polymorph (18)
 K - a wand of iceblast (21)
 M - a wand of paralysis (12)
 R - a wand of disintegration (8)
Scrolls
 a - 3 scrolls of fog
 b - a scroll of magic mapping
 q - 6 scrolls of teleportation
 u - 5 scrolls of amnesia
 v - 10 scrolls of identify
 w - 3 scrolls of fear
 E - 5 scrolls of remove curse
 P - a scroll of immolation
Potions
 e - 3 potions of invisibility
 f - 3 potions of lignification
 h - 7 potions of flight
 i - 5 potions of curing
 j - a potion of cancellation
 l - a potion of ambrosia
 m - 6 potions of brilliance
 n - 4 potions of magic
 t - 5 potions of haste
 I - 3 potions of stabbing
 O - a potion of resistance


   Skills:
 + Level 9.6 Fighting
 + Level 12.3 Maces & Flails
 + Level 12.1 Armour
 - Level 4.4 Dodging
 + Level 11.2 Shields
 + Level 9.4 Invocations
 + Level 7.3 Evocations


You had 10 spell levels left.
You knew the following spells:

 Your Spells              Type           Power        Failure   Level
a - Confusing Touch       Hex            #.......     89%         3

Your spell library contained the following spells:

 Spells                   Type           Power        Failure   Level
 Apportation              Tloc           #.....       54%         1
 Corona                   Hex            #......      54%         1
 Foxfire                  Conj/Fire      #...         54%         1
 Sting                    Tmut/Pois      #...         54%         1
 Summon Small Mammal      Summ           #...         54%         1
 Call Imp                 Summ           #.......     69%         2
 Ensorcelled Hibernation  Hex/Ice        #.....       69%         2
 Poisonous Vapours        Pois/Air       #.....       69%         2
 Call Canine Familiar     Summ           #.......     89%         3
 Conjure Flame            Conj/Fire      #.......     89%         3
 Dazzling Flash           Conj/Hex       #.....       89%         3
 Ignite Poison            Fire/Tmut/Pois #.......     89%         3
 Inner Flame              Hex/Fire       #.......     89%         3
 Lesser Beckoning         Tloc           #.........   89%         3
 Mephitic Cloud           Conj/Pois/Air  #.......     89%         3
 Summon Guardian Golem    Hex/Summ       #.......     89%         3
 Tukima's Dance           Hex            #.......     89%         3
 Olgreb's Toxic Radiance  Pois           #.......     100%        4
 Sticky Flame             Conj/Fire      #.......     100%        4
 Summon Ice Beast         Ice/Summ       #.......     100%        4
 Summon Lightning Spire   Summ/Air       #.......     100%        4
 Alistair's Intoxication  Tmut/Pois      #........    100%        5
 Fireball                 Conj/Fire      #.........   100%        5
 Invisibility             Hex            #.......     100%        6


Dungeon Overview and Level Annotations

Branches:
Dungeon (12/15)            Temple (1/1) D:4            Lair (4/6) D:9
  Swamp (0/4) Lair:2       Spider (0/4) Lair:3          Orc (2/2) D:10
    Elf (0/3) Orc:2         Sewer (visited)         Ossuary (visited)
  IceCv (1/1)

Altars:
Ashenzari
Cheibriados
Dithmenos
Elyvilon
Fedhas
Gozag
Hepliaklqana
Kikubaaqudgha
Makhleb
Nemelex Xobeh
Okawaru
Qazlal
Ru
Sif Muna
Trog
Uskayaw
Vehumet
Wu Jian
Xom
Yredelemnul
Zin
The Shining One
Beogh

Shops:
D:4 ?   D:5 *   D:10 *   Orc:1 }

Annotations:
Lair:4 Rupert IceCv 1 transporter, exclusion: 2 ice statues


Innate Abilities, Weirdness & Mutations

You are resistant to torment.
((Your stone body is resilient. (AC +10)))
You are immune to poison.
((Your large and strong wings let you fly indefinitely.))
You resist negative energy. (rN+)
((You are resistant to electric shocks. (rElec)))
((You can survive without breathing.))
You are immune to petrification.
You are immune to rotting.
((You are partially covered in iridescent scales. (AC +2)))
((You are partially covered in thin metallic scales. (AC +2)))
You are agile. (Dex +2)
You tend to lose your temper in combat.
You are robust. (+10% HP)
You expend magic power (3 MP) to strengthen your wands.


Message History

The ice statue gestures at you. The bolt of cold hits you! You resist.
* * * LOW HITPOINT WARNING * * *
The ice statue gestures.
The ice beast hits you but does no damage.
You block the ice beast's attack.
The white ugly thing is engulfed in freezing vapours.
You block the white ugly thing's attack.
Really quaff the potion of lignification?
Really become a tree while standing in a cloud of freezing vapour?
You turn into a tree.
Your +2 hat melds into your body.
Your +0 pair of gloves melds into your body.
Your +2 pair of boots melds into your body.
Your +0 plate armour melds into your body.
Your roots penetrate the ground.
You are engulfed in freezing vapours.
You resist.
* * * LOW HITPOINT WARNING * * *
The ice statue gestures at you. The freezing blast engulfs you! You resist.
You die...

###########
##...(©)...##
#...8.[.8...#
##....$.?....##
#......°Y.....#
#....8...8....#
#...Y♣Y.......#
##..°.u......#
#...........#
#.....©.....#
##.........##
##...∩...##
##.....##
#######


You could see 2 ice statues, a white ugly thing and 3 ice beasts.

Vanquished Creatures
  Jorgrun (Orc:1)
  Gastronok (Lair:2)
  Fannar (Lair:2)
  A centaur warrior (D:12)
  3 hydras
  4 two-headed ogres
  2 orc knights (Orc:1)
  2 orc sorcerers
  2 ugly things
  12 elephants
  3 cyclopes
  5 cane toads
  Maggie (D:6)
  2 gargoyles (D:10)
  2 rime drakes (Orc:2)
  4 komodo dragons
  A jumping spider (Lair:3)
  A troll (D:11)
  Grinder (D:3)
  8 hippogriffs
  A hornet (D:10)
  11 blink frogs
  A shadow (D:12)
  2 vampires
  24 yaks
  A wyvern (D:8)
  4 basilisks
  A warg (Orc:1)
  4 water moccasins
  7 porcupines
  22 orc warriors
  An eye of draining (D:8)
  10 ice beasts
  6 phantoms
  A black bear (D:10)
  5 sky beasts
  A hornet zombie (D:11)
  6 wolves (Lair:3)
  8 ogres
  5 centaurs
  9 crocodiles
  A big kobold (D:9)
  An elf zombie (Ossuary)
  10 bullfrogs
  A gnoll sergeant (D:9)
  3 scorpions
  4 killer bees
  8 wights
  2 howler monkeys
  3 electric eels (D:10)
  2 centaur zombies
  2 bullfrog skeletons
  17 orc wizards
  10 orc priests
  2 centaur skeletons (D:8)
  6 hounds
  2 jellies
  Crazy Yiuf (D:7)
  19 worker ants
  8 hell rats (Lair:3)
  3 iguanas
  A killer bee zombie (D:10)
  3 hound zombies
  A hound skeleton (D:4)
  4 mummies (Ossuary)
  3 worker ant zombies
  17 adders
  5 gnolls (D:9)
  8 river rats (Lair:3)
  4 shadow imps
  5 white imps
  4 ufetubi
  2 oozes
  2 adder zombies
  3 worms
  4 dart slugs
  8 leopard geckos
  60 orcs
  10 giant cockroaches
  7 goblins
  7 hobgoblins
  21 jackals
  22 kobolds
  4 quokkas
  7 ball pythons
  9 bats
  4 frilled lizards
  A gnoll zombie (Ossuary)
  A goblin zombie (Ossuary)
  3 hobgoblin zombies (Ossuary)
  A jackal skeleton (D:5)
  3 jackal zombies (Ossuary)
  A kobold zombie (Ossuary)
  A leopard gecko zombie (D:6)
  An orc zombie (Ossuary)
  A quokka skeleton (D:8)
  15 rats
545 creatures vanquished.

Vanquished Creatures (collateral kills)
  5 killer bees (D:9)
  2 orc wizards (D:9)
  An orc (D:9)
8 creatures vanquished.

Vanquished Creatures (others)
  An orc wizard (D:6)
  An adder (D:12)
  19 fungi
  28 plants
49 creatures vanquished.

Grand Total: 602 creatures vanquished

Notes
Turn   | Place    | Note
-------+----------+-------------------------------------------
     0 | D:1      | DogServant the Gargoyle Fighter began the quest for the
                  | Orb.
     0 | D:1      | Reached XP level 1. HP: 14/14 MP: 1/1
    49 | D:1      | Reached XP level 2. HP: 15/19 MP: 2/2
   357 | D:1      | Reached XP level 3. HP: 24/24 MP: 3/3
  1045 | D:2      | Reached XP level 4. HP: 27/30 MP: 4/4
  1176 | D:2      | Found a glowing golden altar of the Shining One.
  1789 | D:3      | Found a glowing drain.
  1810 | Sewer    | Entered a sewer
  2256 | Sewer    | Reached XP level 5. HP: 33/34 MP: 5/5
  2733 | D:3      | Noticed Grinder
  2743 | D:3      | Killed Grinder
  2743 | D:3      | Reached XP level 6. HP: 35/39 MP: 6/6
  2947 | D:3      | Reached XP level 7. HP: 20/44 MP: 7/7
  3640 | D:4      | Found Kaxkutsa's Magic Scroll Shop.
  3747 | D:4      | Found a shattered altar of Ashenzari.
  3917 | D:4      | Reached skill level 5 in Maces & Flails
  3917 | D:4      | Reached skill level 5 in Armour
  3917 | D:4      | Reached skill level 5 in Shields
  3959 | D:4      | Found a white marble altar of Elyvilon.
  4273 | D:4      | Found a staircase to the Ecumenical Temple.
  4285 | Temple   | Entered the Ecumenical Temple
  4499 | Temple   | Became a worshipper of Makhleb the Destroyer
  4646 | D:5      | Entered Level 5 of the Dungeon
  4655 | D:5      | Found Qokoky's General Store.
  4659 | D:5      | Bought a potion of heal wounds for 65 gold pieces
  4659 | D:5      | Bought a scroll of identify for 26 gold pieces
  4725 | D:5      | Found a sand-covered staircase.
  4731 | Ossuary  | Entered an ossuary
  4787 | Ossuary  | Reached XP level 8. HP: 33/48 MP: 8/8
  5702 | D:5      | Reached * piety under Makhleb
  6216 | D:6      | Noticed Maggie
  6334 | D:6      | Killed Maggie
  6334 | D:6      | Reached XP level 9. HP: 36/52 MP: 9/9
  6816 | D:6      | Found an ancient bone altar of Kikubaaqudgha.
  7150 | D:6      | Found a radiant altar of Vehumet.
  7317 | D:7      | Got a bound platinum ring
  7486 | D:7      | Reached skill level 1 in Invocations
  7954 | D:7      | Found a runed translucent door.
  7955 | D:7      | Noticed Crazy Yiuf
  8354 | D:7      | Killed Crazy Yiuf
  8728 | D:8      | Reached ** piety under Makhleb
  8761 | D:8      | Noticed an eight-headed hydra
  8788 | D:8      | Killed an eight-headed hydra
  8788 | D:8      | Reached XP level 10. HP: 23/58 MP: 11/13
  8802 | D:8      | Reached skill level 5 in Invocations
  8900 | D:8      | Reached skill level 5 in Fighting
  9445 | D:8      | Identified the ring "Kituur" {rElec rF- rC+ Str-4 Stlth+}
                  | (You found it on level 7 of the Dungeon)
  9680 | D:8      | Noticed a two-headed ogre
  9682 | D:8      | Noticed a two-headed ogre
  9702 | D:8      | Killed a two-headed ogre
  9715 | D:8      | Killed a two-headed ogre
  9962 | D:8      | Noticed a two-headed ogre
  9972 | D:8      | Killed a two-headed ogre
  9972 | D:8      | Reached skill level 1 in Evocations
  9972 | D:8      | Reached XP level 11. HP: 67/67 MP: 16/16
 10044 | D:8      | Reached *** piety under Makhleb
 10321 | D:8      | Reached skill level 10 in Maces & Flails
 10473 | D:8      | Found an ornate altar of the Wu Jian Council.
 11548 | D:9      | Reached skill level 1 in Dodging
 11563 | D:9      | Reached **** piety under Makhleb
 11810 | D:9      | Found a staircase to the Lair.
 12497 | D:10     | Entered Level 10 of the Dungeon
 12552 | D:10     | Gained mutation: Armour fits poorly on your strangely
                  | shaped body. [potion of mutation]
 12552 | D:10     | Gained mutation: You are agile. (Dex +2) [potion of
                  | mutation]
 12607 | D:10     | Noticed a two-headed ogre
 12625 | D:10     | Killed a two-headed ogre
 12625 | D:10     | Reached skill level 10 in Armour
 12737 | D:10     | Found Eckia's Assorted Antiques.
 12742 | D:10     | Bought a runed glass ring for 140 gold pieces
 12742 | D:10     | Bought a potion of curing for 84 gold pieces
 13085 | D:10     | Reached XP level 12. HP: 71/72 MP: 17/17
 13148 | D:10     | Reached ***** piety under Makhleb
 13300 | D:10     | Learned a level 3 spell: Confusing Touch
 13502 | D:10     | Found a staircase to the Orcish Mines.
 14120 | D:11     | Noticed an eight-headed hydra
 14129 | D:11     | Killed an eight-headed hydra
 14444 | D:11     | Noticed a five-headed hydra
 14456 | D:11     | Killed a five-headed hydra
 14456 | D:11     | Reached skill level 5 in Evocations
 14971 | D:12     | Noticed a centaur warrior
 14986 | D:12     | Killed a centaur warrior
 15487 | Lair:1   | Entered Level 1 of the Lair of Beasts
 15520 | Lair:1   | Got a translucent flail
 15521 | Lair:1   | Identified the +2 flail "Giantslayer" {flame, rF+ MR+ MP+9
                  | SInv} (You found it on level 1 of the Lair of Beasts)
 16341 | Lair:2   | Lost mutation: Armour fits poorly on your strangely shaped
                  | body. [potion of mutation]
 16341 | Lair:2   | Gained mutation: You are robust. (+10% HP) [potion of
                  | mutation]
 16341 | Lair:2   | Gained mutation: You are partially covered in thin metallic
                  | scales. (AC +2) [potion of mutation]
 16341 | Lair:2   | Gained mutation: You are partially covered in iridescent
                  | scales. (AC +2) [potion of mutation]
 16341 | Lair:2   | Gained mutation: You expend magic power (3 MP) to
                  | strengthen your wands. [potion of mutation]
 16388 | Lair:2   | Noticed Fannar
 16400 | Lair:2   | Noticed Gastronok
 16439 | Lair:2   | Reached skill level 10 in Shields
 16468 | Lair:2   | Reached XP level 13. HP: 71/85 MP: 18/18
 16941 | Lair:2   | Found a staircase to the Swamp.
 16957 | Lair:2   | Killed Fannar
 16961 | Lair:2   | You fall into a shaft and drop 2 floors!
 16961 | Lair:4   | Noticed Rupert
 17630 | Lair:3   | Reached ****** piety under Makhleb
 18145 | Lair:3   | Found a hole to the Spider Nest.
 18684 | Lair:2   | Killed Gastronok
 18929 | Orc:1    | Entered Level 1 of the Orcish Mines
 18929 | Orc:1    | Found a roughly hewn altar of Beogh.
 19306 | Orc:1    | Noticed Jorgrun
 19318 | Orc:1    | Found a bloodstained altar of Trog.
 19380 | Orc:1    | Killed Jorgrun
 19380 | Orc:1    | Gained mutation: Your large and strong wings let you fly
                  | indefinitely. [Gargoyle growth]
 19380 | Orc:1    | Reached XP level 14. HP: 45/94 MP: 20/20
 19661 | Orc:1    | Found Luov's Gadget Shop.
 19943 | Orc:2    | Entered Level 2 of the Orcish Mines
 19951 | Orc:2    | Found a staircase to the Elven Halls.
 19956 | Orc:2    | Gained mutation: You tend to lose your temper in combat. [a
                  | neqoxec]
 20090 | Orc:2    | Found a frozen archway.
 20115 | IceCv    | Entered an ice cave
 20116 | IceCv    | Found a transporter.
 20172 | IceCv    | Found a transporter.
 20184 | IceCv    | Killed from afar by an ice statue

Illustrated notes

Levels and vault maps discovered:
D:1:      dpeg_arrival_tiny_b, layout_rooms, chequers_avenue
D:2:      layout_basic, lemuel_coloured_pillars_altar, minmay_rat_gold_closets
D:3:      layout_basic, portal_sewer_entry_a, uniq_grinder
D:4:      layout_basic, lemuel_doored_altar, nicolae_ashenzari_panopticon,
          temple_green, serial_shops,
          nicolae_shop_temple_entry_statues_fountains
D:5:      layout_cave_pods, nicolae_ossuary_entry_plus, serial_shops, shop
D:6:      layout_basic, old_standard_altar, kennysheep_mini_moat,
          nrook_campfire, uniq_maggie
D:7:      layout_basic, chequers_serial_rivers_large_a, uniq_crazy_yiuf_cottage
D:8:      cheibrodos_ideogram_h, layout_loops_corners, kennysheep_mini
D:9:      layout_gridville, minmay_lair_entry_grove, serial_bayou_pond_c,
          ebering_dispersal_statue_hall
D:10:     layout_long_grid, erik_orc_2, serial_shops, shop
D:11:     layout_irregular_city, kennysheep_generic_room_6
D:12:     layout_basic, serial_shops, bzr_firewalk, special_room
          [special_room_orc], small_statue_intersection
Temple:   regret_index_temple_sphere_string
Lair:1:   layout_gridlike
Lair:2:   layout_loops_ring, swamp_mist, grunt_megastairs_2, uniq_gastronok,
          uniq_fannar
Lair:3:   layout_misc_corridors, spider_nest_entry_rubble,
          kennysheep_abandoned_house
Lair:4:   layout_long_grid, ebering_ghost_disaster_area, lemuel_fruit_tree,
          uniq_rupert
Orc:1:    cheibrodos_orc_arena, layout_caves, basic_altar, serial_shops, shop,
          trog_butcher_becter, uniq_jorgrun
Orc:2:    grunt_orc_tribal_feast, layout_caves, portal_ice_cave_rime,
          basic_altar
IceCv:    ice_cave_statue_garden_transporter

Skill      XL: |  1  2  3  4  5  6  7  8  9 10 11 12 13 |
---------------+----------------------------------------+-----
Fighting       | 4 7 8 9 |  9.6
Maces & Flails | 3 4 5 7 8 9 10 11 12 | 12.3
Armour         | 4 5 7 9 10 11 12 | 12.1
Shields        | 4 5 7 8 10 11 | 11.2
Invocations    | 4 7 9 |  9.4
Evocations     | 1 4 5 7 |  7.3
Dodging        | 3 4 |  4.4

Action                   |  1- 3 |  4- 6 |  7- 9 | 10-12 | 13-15 || total
-------------------------+-------+-------+-------+-------+-------++-------
Melee: Flail             |   146 |   277 |    73 |  1197 |   733 ||  2426
       Mace              |       |       |   593 |   258 |       ||   851
Throw: Dart              |       |       |    13 |     7 |    24 ||    44
Invok: Minor Destruction |       |       |       |     2 |       ||     2
       Major Destruction |       |       |       |     4 |     8 ||    12
       Lesser Servant of |       |       |       |     1 |       ||     1
Evoke: Wand              |       |       |       |     8 |     2 ||    10
  Use: Scroll            |       |     4 |    16 |     9 |     8 ||    37
       Potion            |       |     1 |     7 |    12 |     5 ||    25
 Stab: Distracted        |       |       |       |     1 |       ||     1
Armor: Scale mail        |    90 |   185 |   613 |   795 |       ||  1683
       Skin              |       |       |       |    98 |    33 ||   131
       Plate armour      |       |       |       |    34 |   389 ||   423
Dodge: Dodged            |    47 |   130 |   336 |   542 |   234 ||  1289
Block: Kite shield       |    94 |   178 |   540 |   930 |   486 ||  2228

Table legend: (Time is in decaauts)
 A = Elapsed time spent in this place.
 B = Non-inter-level travel time spent in this place.
 C = Inter-level travel time spent in this place.
 D = Time resting spent in this place.
 E = Time spent auto-exploring this place.
 F = Levels seen in this place.
 G = Mean time per level.
                   A        B        C        D        E       F      G
               +--------+--------+--------+--------+--------+-----+--------+
         Total |  20347 |  19477 |    870 |   2484 |  11175 |  22 |  924.9 |
       Dungeon |  14261 |  13607 |    654 |   1764 |   8026 |  12 | 1188.4 |
        Temple |    240 |    186 |     54 |      0 |    141 |   1 |  240.0 |
          Lair |   3291 |   3146 |    145 |    476 |   1700 |   4 |  822.8 |
  Orcish Mines |   1144 |   1128 |     16 |     36 |    603 |   2 |  572.0 |
         Sewer |    887 |    887 |      0 |      0 |    609 |   1 |  887.0 |
       Ossuary |    455 |    455 |      0 |    208 |     95 |   1 |  455.0 |
      Ice Cave |     67 |     67 |      0 |      0 |      0 |   1 |   67.0 |
               +--------+--------+--------+--------+--------+-----+--------+

Top non-repeatable levels by time:
     D:8: 2115 daAuts
     D:9: 1840 daAuts
     D:7: 1337 daAuts
    D:10: 1199 daAuts
     D:3: 1195 daAuts
     D:6: 1151 daAuts
  Lair:2: 1117 daAuts
  Lair:3: 1113 daAuts
     D:5: 1089 daAuts
     D:2: 1026 daAuts
   Orc:1: 985 daAuts
    D:11: 958 daAuts
   Sewer: 887 daAuts
  Lair:1: 850 daAuts
     D:4: 793 daAuts
